 Dungeon Crawl Stone Soup version 0.30-a0-365-ge7f957f1db (webtiles) character file.

Game seed: 18111911923277913920

621882 Shayle the Ruinous (level 27, -15/193 HPs)
             Began as a Naga Reaver on Nov 15, 2022.
             Was a High Priest of Ashenzari.
             Killed from afar by a hellephant (58 damage)
             ... with a blast of flame
             ... on level 6 of the Abyss on Nov 18, 2022.
             The game lasted 08:06:44 (94932 turns).

Shayle the Ruinous (Naga Reaver)                   Turns: 94932, Time: 08:06:45

Health: -15/193    AC: 38    Str: 27      XL:     27
Magic:  0/52       EV: 30    Int: 29 (30) God:    Ashenzari [*****.]
Gold:   8751       SH: 20    Dex: 18      Spells: 15/67 levels left

rFire   x . .      SeeInvis +    o - +5 broad axe "Diwehun" {speed, rElec Int+2}
rCold   + . .      Faith    .    a - +5 kite shield "Annoyance of Ashenzari" {reflect, Bglg, Elem} (curse)
rNeg    . . .      Spirit   +    t - +4 moon troll leather armour {Spirit, Regen++ MP+5}
rPois   +          Reflect  +    C - +2 hat of Desmomancy {Stlth+, Cun, Alch} (curse)
rElec   +          Harm     .    k - +2 cloak of Ashenzari's Servitude {Bglg, Fort} (curse)
rCorr   +          Rampage  .    J - +2 pair of gloves of the Unyielding Gaze {Str+3, Comp, Fort} (curse)
Will    +++..      Clarity  +    m - +4 barding of the Prescient Empyrean {Fly, Elem, Comp} (curse)
Stlth   +++++++...               A - amulet of the Shackled Pleiades {Acrobat, Fort, Cun} (curse)
HPRegen 0.00/turn                K - ring of Ashenzari's Free Will {rPois Str+6 Dex+3, Fort, Self} (curse)
MPRegen 0.33/turn                Y - ring of the Eye in the Sky {Str+6 Int+7 Dex+4 Stlth+, Self, Evo} (curse)

@: about to teleport, resistant, acrobatic, flying, inhibited regen, unable to
read, very slow
A: AC +9, large, see invisible, deformed body, poison resistance, slowness 2,
spit poison 1, naga tail 2, stinger 1, sense surroundings 1, sturdy frame 1,
[berserk 2], deterioration 1[+1], dopey 1[+1], [frail 3], [screaming 2],
[inhibited regeneration], [weak 2], [heat vulnerability 2], [inability to read
after injury 2]
}: 4/15 runes: decaying, slimy, silver, gossamer
a: Spit Poison, Renounce Religion, Curse Item, Shatter the Chains


You were on level 6 of the Abyss.
You worshipped Ashenzari.
Ashenzari was extremely pleased with you.
You visited 11 branches of the dungeon, and saw 51 of its levels.
You visited the Abyss 4 times.
You also visited: Trove, Sewer, Gauntlet and Wizlab.

You collected 10504 gold pieces.
You spent 1753 gold pieces at shops.

Inventory:

Hand Weapons
 j - the +8 short sword of Peroadeu {spect, rN++ Dex+5 Stlth-}
   (You found it on level 5 of the Vaults)

   When its wielder attacks, the weapon's spirit leaps out and strikes again.
   The spirit shares a part of any damage it takes with its wielder.
   Dex:       It affects your dexterity (+5).
   rN:        It greatly protects you from negative energy.
   Stlth:     It makes you less stealthy.
 o - the +5 broad axe "Diwehun" (weapon) {speed, rElec Int+2}
   (You found it on level 2 of the Swamp)

   Attacks with this weapon are significantly faster.
   Int:       It affects your intelligence (+2).
   rElec:     It insulates you from electricity.
 G - the +4 hand axe of Shayle's Destruction {freeze, rF++ Int+3 Dex+4}
   (You found it on level 5 of the Pits of Slime)

   It freezes those it strikes, dealing additional cold damage.
   It can also slow down cold-blooded creatures.
   Int:       It affects your intelligence (+3).
   Dex:       It affects your dexterity (+4).
   rF:        It greatly protects you from fire.
 Z - the +9 short sword of Callousness {flame, rC+ Int+4 SInv}
   (You found it on level 5 of the Vaults)

   It burns those it strikes, dealing additional fire damage.
   Int:       It affects your intelligence (+4).
   rC:        It protects you from cold.
   SInv:      It lets you see invisible.
Missiles
 M - 2 throwing nets (quivered)
 N - 8 silver boomerangs
 S - 23 curare-tipped darts
Armour
 a - the cursed +5 kite shield "Annoyance of Ashenzari" (worn) {reflect, Bglg, Elem}
   (You took it off Donald on level 1 of the Swamp)

   It has a curse which improves the following skills: Beguiling: Conjurations,
   Hexes and Translocations.
   Elements:  Fire Magic, Ice Magic, Air Magic and Earth Magic.
 k - the cursed +2 cloak of Ashenzari's Servitude (worn) {Bglg, Fort}
   (You found it on level 2 of the Dungeon)

   It has a curse which improves the following skills: Beguiling: Conjurations,
   Hexes and Translocations.
   Fortitude: Armour and Shields.
 m - the cursed +4 barding of the Prescient Empyrean (worn) {Fly, Elem, Comp}
   (You took it off Nessos on level 14 of the Dungeon)

   It has a curse which improves the following skills: Elements: Fire Magic, Ice
   Magic, Air Magic and Earth Magic.
   Companions: Summonings and Necromancy.
 t - the +4 moon troll leather armour (worn) {Spirit, Regen++ MP+5}
   (You took it off a moon troll in a wizard's laboratory)

   MP:        It affects your magic capacity (+5).
   Regen:     It increases your rate of health regeneration.
 C - the cursed +2 hat of Desmomancy (worn) {Stlth+, Cun, Alch}
   (You took it off Gastronok on level 1 of the Lair of Beasts)

   It has a curse which improves the following skills: Cunning: Dodging and
   Stealth.
   Alchemy:   Poison Magic and Transmutations.
 J - the cursed +2 pair of gloves of the Unyielding Gaze (worn) {Str+3, Comp, Fort}
   (You found it in a wizard's laboratory)

   It has a curse which improves the following skills: Companions: Summonings
   and Necromancy.
   Fortitude: Armour and Shields.
Jewellery
 A - the cursed amulet of the Shackled Pleiades (around neck) {Acrobat, Fort, Cun}
   (You found it on level 11 of the Dungeon)

   [amulet of the acrobat]

   It increases your evasion while moving and waiting.
   It has a curse which improves the following skills: Fortitude: Armour and
   Shields.
   Cunning:   Dodging and Stealth.
 K - the cursed ring of Ashenzari's Free Will (left hand) {rPois Str+6 Dex+3, Fort, Self}
   (You acquired it on level 8 of the Dungeon)

   [ring of strength]

   Str:       It affects your strength (+6).
   Dex:       It affects your dexterity (+3).
   rPois:     It protects you from poison.
   It has a curse which improves the following skills: Fortitude: Armour and
   Shields.
   Introspection: Fighting and Spellcasting.
 Y - the cursed ring of the Eye in the Sky (right hand) {Str+6 Int+7 Dex+4 Stlth+, Self, Evo}
   (You found it on level 3 of the Elven Halls)

   [ring of strength]

   Str:       It affects your strength (+6).
   Int:       It affects your intelligence (+7).
   Dex:       It affects your dexterity (+4).
   Stlth:     It makes you more stealthy.
   It has a curse which improves the following skills: Introspection: Fighting
   and Spellcasting.
   Evocations: Evocations.
Wands
 f - a wand of flame (69)
 B - a wand of mindburst (49)
 I - a wand of charming (60)
 R - a wand of iceblast (51)
 U - a wand of digging (10)
 W - a wand of acid (23)
Scrolls
 b - 11 scrolls of fog
 c - 17 scrolls of teleportation
 d - a scroll of enchant weapon
 e - 2 scrolls of torment
 g - 9 scrolls of magic mapping
 i - 3 scrolls of silence
 q - 4 scrolls of immolation
 F - 9 scrolls of fear
Potions
 h - 8 potions of invisibility
 l - a potion of haste
 p - 6 potions of ambrosia
 r - 19 potions of curing
 u - 4 potions of mutation
 v - 17 potions of lignification
 w - 7 potions of resistance
 z - 11 potions of brilliance
 D - 4 potions of might
 L - 7 potions of cancellation
 O - 2 potions of berserk rage
Miscellaneous
 V - a condenser vane


   Skills:
 - Level 18.5(21.7) Fighting
 - Level 12.2 Axes
 - Level 10.3(15.8) Armour
 + Level 9.2(12.7) Dodging
 - Level 7.8(11.3) Stealth
 - Level 12.0(17.5) Shields
 - Level 10.5 Unarmed Combat
 + Level 17.2(20.5) Spellcasting
 * Level 21.3(24.4) Conjurations
 - Level 2.8(5.6) Necromancy
 - Level 13.0(16.4) Translocations
 - Level 10.5(12.8) Transmutations
 - Level 19.6(22.7) Fire Magic
 - Level 3.5(6.5) Ice Magic
 - Level 12.6(16.0) Air Magic
 - Level 8.0(11.5) Earth Magic


You had 15 spell levels left.
You knew the following spells:

 Your Spells              Type           Power      Damage    Failure   Level
a - Kiss of Death         Conj/Necr      100%       2d13      0%          1
b - Hailstorm             Conj/Ice       88%        3d18      0%          3
c - Airstrike             Air            44%        2d(7-23)  1%          4
d - Freezing Cloud        Conj/Ice/Air   44%        6-21      1%          5
e - Storm Form            Tmut/Air       42%        N/A       4%          7
f - Manifold Assault      Tloc           90%        N/A       1%          4
g - Ignition              Fire           52%        3d14      1%          8
h - Iron Shot             Conj/Erth      46%        9d9       1%          6
i - Ignite Poison         Fire/Tmut/Pois 78%        N/A       1%          3
j - Fire Storm            Conj/Fire      52%        8d13      12%         9
k - Blink                 Tloc           100%       N/A       0%          2

Your spell library contained the following spells:

 Spells                   Type           Power      Damage    Failure   Level
 Apportation              Tloc           100%       N/A       0%          1
 Magic Dart               Conj           100%       1d8       0%          1
 Shock                    Conj/Air       100%       1d9       0%          1
 Momentum Strike          Conj/Tloc      100%       3d10      0%          2
 Kindle Blastsparks       Fire/Tloc/Air  100%       2d18      0%          3
 Lesser Beckoning         Tloc           100%       N/A       0%          3
 Swiftness                Air            89%        N/A       0%          3
 Flame Wave               Conj/Fire      100%       2d21      0%          4
 Iskenderun's Mystic Bla  Conj/Tloc      99%        2d19      0%          4
 Sticky Flame             Conj/Fire      100%       2d11      0%          4
 Fireball                 Conj/Fire      52%        3d20      0%          5
 Iskenderun's Battlesphe  Conj           100%       2d15      0%          5
 Freeze                   Ice            100%       1d10      1%          1
 Necrotise                Necr           100%       1d9       1%          1
 Slow                     Hex            100%       N/A       1%          1
 Summon Small Mammal      Summ           100%       N/A       1%          1
 Passwall                 Tmut/Erth      65%        N/A       1%          2
 Dazzling Flash           Conj/Hex       100%       N/A       1%          3
 Frozen Ramparts          Ice            100%       1d16      1%          3
 Inner Flame              Hex/Fire       77%        N/A       1%          3
 Mephitic Cloud           Conj/Pois/Air  83%        N/A       1%          3
 Ozocubu's Armour         Ice            61%        N/A       1%          3
 Vampiric Draining        Necr           58%        2d10      1%          3
 Animate Dead             Necr           58%        N/A       1%          4
 Dispel Undead            Necr           58%        3d21      1%          4
 Fulminant Prism          Conj/Hex       40%        3d19      1%          4
 Ice Form                 Ice/Tmut       72%        N/A       1%          4
 Petrify                  Tmut/Erth      79%        N/A       1%          4
 Summon Lightning Spire   Summ/Air       67%        N/A       1%          4
 Blade Hands              Tmut           40%        N/A       1%          5
 Irradiate                Conj/Tmut      47%        3d27      1%          5
 Lee's Rapid Deconstruct  Erth           38%        3d19*     1%          5
 Summon Forest            Summ/Tloc      34%        N/A       1%          5
 Conjure Ball Lightning   Conj/Air       49%        3x3d17    1%          6
 Dispersal                Tloc           45%        N/A       1%          6
 Starburst                Conj/Fire      52%        6d14      1%          6
 Statue Form              Tmut/Erth      52%        N/A       1%          6
 Orb of Destruction       Conj           53%        9d13      1%          7
 Call Imp                 Summ           32%        N/A       2%          2
 Alistair's Intoxication  Tmut/Pois      40%        N/A       3%          5
 Yara's Violent Unravell  Hex/Tmut       31%        3d13      3%          5
 Call Canine Familiar     Summ           32%        N/A       4%          3
 Confusing Touch          Hex            32%        N/A       4%          3
 Summon Guardian Golem    Hex/Summ       32%        N/A       4%          3
 Anguish                  Hex/Necr       23%        N/A       4%          4
 Dragon Form              Tmut           40%        N/A       8%          7
 Spellforged Servitor     Conj/Summ      40%        N/A       9%          7
 Metabolic Englaciation   Hex/Ice        25%        N/A       12%         5
 Disjunction              Tloc           45%        N/A       14%         8
 Maxwell's Capacitive Co  Air            44%        ∞         16%         8
 Eringya's Noxious Bog    Tmut/Pois      30%        N/A       19%         6
 Simulacrum               Ice/Necr       30%        N/A       22%         6
 Chain Lightning          Conj/Air       49%        3d65      41%         9
 Haunt                    Necr/Summ      23%        N/A       99%         7
 Enfeeble                 Hex            16%        N/A       100%        7
 Summon Hydra             Summ           16%        N/A       100%        7
 Discord                  Hex            16%        N/A       100%        8
 Infestation              Necr           29%        N/A       100%        8
 Summon Horrible Things   Summ           16%        N/A       100%        8
 Dragon's Call            Summ           16%        N/A       100%        9
 Shatter                  Erth           38%        3d30*     100%        9


Dungeon Overview and Level Annotations

Branches:
Dungeon (15/15)            Temple (1/1) D:7            Lair (5/5) D:11
  Swamp (4/4) Lair:2       Spider (4/4) Lair:3        Slime (5/5) Lair:4
    Orc (2/2) D:11            Elf (3/3) Orc:2        Vaults (5/5) D:14
  Crypt (3/3) Vaults:2       Tomb (0/3) Crypt:3      Depths (4/4) D:15
    Zot (0/5) Depths:4      Sewer (visited)          WizLab (visited)
Gauntlet (visited)

Altars:
Ashenzari
Cheibriados
Dithmenos
Elyvilon
Gozag
Hepliaklqana
Kikubaaqudgha
Makhleb
Nemelex Xobeh
Okawaru
Qazlal
Ru
Sif Muna
Uskayaw
Vehumet
Wu Jian
Xom
Yredelemnul
Zin
Lugonu

Shops:
D:2 :   D:3 ?   D:6 ![   D:11 ([   Orc:2 [((!(   Vaults:3 *   Vaults:4 **(

Portals:
Hell: Depths:1 Depths:2 Depths:3 Depths:4
Abyss: Depths:2 Depths:3
Pandemonium: Depths:2
Ziggurat: Depths:1

Annotations:
D:14 3 runed translucent doors, Karianen's ghost, adept KoBr
Crypt:2 2 transporters, exclusion: obsidian statue, Khufu; Weuw's ghost, adept GrFi; Zivuv's ghost, veteran FoFi


Innate Abilities, Weirdness & Mutations

Your serpentine skin is tough. (AC +9)
You have supernaturally acute eyesight. (SInv)
Armour fits poorly on your strangely shaped body.
Your system is resistant to poisons. (rPois)
You cover ground very slowly.
You can spit poison.
You can use your snake-like lower body to constrict enemies.
Your tail ends in a venomous barb.
You passively map a small area around you.
Your movements are slightly less encumbered by armour. (ER -2)
[You have an uncontrollable temper.]
[Your body often deteriorates upon taking damage.]
[You are very dopey. (Int -4)]
[You are extremely frail. (-30% HP)]
[You frequently scream uncontrollably at your foes.]
[You do not regenerate when monsters are visible.]
[You are very weak. (Str -4)]
[You are very vulnerable to heat. (rF--)]
[You sometimes lose the ability to read scrolls when taking damage.]


Message History

You feel better. The hellephant tramples you.
You hold your ground!
You block the hellephant's attack. The hellephant barely misses you.
The starspawn tentacle grabs you. The starspawn tentacle constricts you.
A tentacled starspawn comes into view.
You scream at the tentacled starspawn!
You block the bone dragon's attack.
The bone dragon claws you but does no damage.
The bone dragon tramples you but does no damage.
The starspawn tentacle loses its grip on you.
The tentacle pulls you backwards! 2 hell hogs and a large abomination come into view.
The rakshasa blinks!
You hear a bark! x2
As you read the scroll of teleportation, it crumbles to dust.
You feel strangely unstable.
You feel the power of the Abyss delaying your translocation!
A hell hog comes into view.
An ancient zyme comes into view.
You feel yourself growing ill in the presence of the ancient zyme.
Found a gateway leading deeper into the Abyss.
Unknown command.
An acid blob comes into view.
The hellephant blinks!
The rakshasa gestures at you. The lance of force misses you.
The bone dragon bites you but does no damage.
The bone dragon claws you.
* * * LOW HITPOINT WARNING * * *
You block the bone dragon's attack.
Casting: Iron Shot (mildly dangerous; 1% risk of failure)
Confirm with . or Enter, or press ? or * to list all spells.
You blink.
The hellephant tramples you!
You feel threatened and lose the ability to read scrolls!
* * * LOW HITPOINT WARNING * * *
You are shoved backwards!
You have a vision of a gate.
Tentacles burst from the starspawn's body! 2 starspawn tentacles come into view.
The starspawn tentacle completely misses you.
The hellephant breathes flames at you. The blast of flame hits you!!!
The fire burns you terribly!
You die...

, ..# **,* , , ,* ,,
#..#, , ** , * ** *,
###..##{** *,,* , ,
,*, , , , #....#§ ,
* ,,* ###.#..§#, ∩
,* , ,** * ...#..# ,
, , , ,, ,* * , *
#.#..#*# ,, , , *,,
**,##.Y..#.## ,,, *
, *,** ,
,#.@#..\──#....>*,,
*#.##..w\X│..., ,,,
,, , *
,,,#......#││... ,..
* *, , *,
#.#..R.hXh#.#,,....
* * ,
*#..##....D#...##
##. *, *,
#.###...R#hX#.......
, , , ,, ,
#.#.......R##...#..
* ,,*
#.#........R#X# ..#
, , *, *
*##.....#...##.##.


You could see a hellephant (catching breath).

Vanquished Creatures
  the Royal Jelly (Slime:5)
  A dread lich (Vaults:3)
  3 ancient liches
  Mara (Vaults:4)
  Mennas (Crypt:2)
  A royal mummy (Crypt:2)
  Boris (Crypt:2)
  Saint Roka (Vaults:3)
  Xtahua (Vaults:5)
  A profane servitor (Crypt:3)
  2 golden dragons (Vaults:4)
  Jory (Crypt:3)
  6 bone dragons
  Nikola (Vaults:1)
  A shard shrike zombie (Abyss:3)
  Zenata (Crypt:2)
  6 tentacled monstrosities
  A hellephant (Abyss:4)
  A moon troll (WizLab)
  4 liches
  3 quicksilver dragons
  Jorgrun (D:14)
  3 deep elf blademasters (Elf:3)
  4 titans
  A walking divine tome (Abyss:4)
  14 acid blobs
  5 deep elf master archers (Elf:3)
  2 Executioners
  21 tentacled starspawn
  7 sphinxes
  Kirke (D:15)
  Gastronok (Lair:1)
  A sphinx (shapeshifter) (Vaults:5)
  5 shadow dragons
  A draconian monk (Depths:4)
  4 fire giants
  7 tengu reavers
  Donald (Swamp:1)
  A daeva (Abyss:4)
  13 azure jellies
  13 rockslimes
  4 revenants
  2 iron dragons
  Louise (D:15)
  5 deep elf sorcerers (Elf:3)
  8 emperor scorpions
  Aizul (Depths:2)
  4 spectral caustic shrikes (Depths:3)
  A draconian shifter (Abyss:5)
  A caustic shrike zombie (Crypt:1)
  9 frost giants
  3 cacodemons
  A curse skull (Crypt:2)
  5 balrugs
  A ghost moth (Spider:3)
  3 angels
  19 vault wardens
  2 draconian stormcallers
  4 orc warlords
  15 ghouls
  6 deep elf elementalists
  19 ironbound preservers
  A spriggan defender (Depths:2)
  2 reapers
  An ophan (Abyss:3)
  3 broodmothers
  4 vampire knights
  The ghost of Ziureph the Basher, a journeyman TrFi of Ashenzari (Elf:1)
  37 very ugly things
  11 quicksilver oozes
  9 ironbound thunderhulks
  2 war gargoyles
  24 stone giants
  70 starcursed masses
  6 deep elf demonologists
  A purple draconian (Abyss:4)
  2 green draconians
  A black draconian (Depths:4)
  3 eleionomae
  A yellow draconian (Depths:4)
  17 spark wasps
  2 lorocyprocas
  A minotaur (Gauntlet)
  Nessos (D:14)
  3 red draconians (Depths:4)
  A minotaur (shapeshifter) (Vaults:4)
  7 deep elf annihilators
  7 bunyips
  4 eidola
  11 dire elephants
  16 fire dragons
  A merfolk impaler (Depths:1)
  11 yaktaur captains
  15 ettins
  16 great orbs of eyes
  3 jiangshi
  3 deep elf death magi
  3 deep elf high priests
  A green death (Abyss:3)
  A quicksilver dragon zombie (Depths:2)
  2 blizzard demons
  4 entropy weavers
  25 hydras
  Fannar (D:12)
  3 ironbound frosthearts
  7 rakshasas
  37 vault guards
  2 spriggan zombies
  2 ogre magi
  2 ghost crabs
  12 ice dragons
  Erica (D:11)
  2 spriggan skeletons
  A jorogumo (Spider:3)
  3 spriggan air magi
  A hell beast (Depths:2)
  7 boulder beetles
  2 radroaches
  28 dancing weapons
  6 death knights
  8 centaur warriors
  9 tengu warriors
  8 alligators
  A naga warrior (Abyss:3)
  4 two-headed ogres
  7 deep troll shamans
  4 deep troll earth magi
  A two-headed ogre (shapeshifter) (Elf:3)
  22 thrashing horrors
  7 hell hogs
  4 vampire magi
  48 large abominations
  4 spriggan berserkers (Depths:4)
  A hell knight (Depths:2)
  3 soul eaters
  Sonja (Lair:3)
  6 sun demons
  20 wretched stars
  A fire crab (Abyss:3)
  3 goliath frogs
  19 deep elf knights
  2 shadow wraiths
  A spark wasp zombie (Depths:2)
  2 spatial maelstroms
  8 iron trolls
  2 salamander mystics (Depths:4)
  34 skeletal warriors
  4 sixfirhies
  5 spriggan druids
  2 sun moths
  An orange crystal statue (WizLab)
  2 golden dragon zombies
  11 orb spiders
  10 swamp dragons
  51 deep trolls
  7 pharaoh ants
  7 flayed ghosts
  A spriggan simulacrum (Abyss:3)
  4 steelbarb worms (Spider:4)
  15 deep elf archers
  14 glowing orange brains
  7 lindwurms
  2 shadow demons
  20 bog bodies
  13 orc knights
  31 deep elf zephyrmancers
  A frost giant zombie (Depths:1)
  9 wizards
  42 deep elf pyromancers
  A golden dragon skeleton (Depths:2)
  7 necromancers
  21 ironbound convokers
  9 harpies
  3 manticores
  4 will-o-the-wisps
  25 phantasmal warriors
  A fire giant zombie (Depths:2)
  4 cyclopes
  8 shining eyes
  21 wolf spiders
  2 orc sorcerers
  7 worldbinders
  A goliath frog skeleton (Crypt:2)
  53 ugly things
  2 human skeletons
  8 salamanders
  2 guardian serpents (Abyss:3)
  3 moths of wrath (Spider:4)
  6 black mambas
  Joseph (D:7)
  A dire elephant zombie (Crypt:1)
  2 apocalypse crabs (Abyss:3)
  7 elephants
  4 torpor snails
  18 vault sentinels
  A naga mage (Abyss:3)
  A stone giant skeleton (Crypt:1)
  5 orange demons
  2 rust devils (Abyss:3)
  15 smoke demons
  2 gargoyles
  A green draconian zombie (Crypt:2)
  7 eyes of devastation
  6 demonic crawlers
  17 cane toads
  A kobold demonologist (Abyss:3)
  3 rime drakes
  An anaconda simulacrum (Abyss:3)
  5 unseen horrors
  10 freezing wraiths
  A red draconian zombie (Crypt:1)
  A dire elephant skeleton (Crypt:1)
  4 efreet
  7 komodo dragons
  A hellion (Abyss:3)
  20 yaktaurs
  13 ancient zymes
  2 tormentors
  A hellwing (Abyss:3)
  10 tengu conjurers
  A silent spectre (Abyss:5)
  6 meliai (D:14)
  5 trolls
  2 bloated husks
  A harpy zombie (Crypt:2)
  A polar bear (Lair:4)
  18 tarantellas
  14 hornets
  8 tyrant leeches
  26 blink frogs
  A great orb of eyes zombie (Crypt:1)
  A tarantella (shapeshifter) (Depths:2)
  2 ice dragon zombies
  35 raiju
  An ettin zombie (Crypt:1)
  114 slime creatures
  A snapping turtle (shapeshifter) (D:15)
  A tarantella zombie (Crypt:1)
  An ettin skeleton (Crypt:1)
  26 jumping spiders
  19 spriggans
  20 flying skulls
  19 culicivoras
  A vampire (D:11)
  A shadow (Crypt:3)
  4 wraiths
  A naga simulacrum (Abyss:4)
  17 ynoxinuls
  3 fire bats
  3 air elementals
  5 wyverns
  12 water elementals
  37 yaks
  Grum (D:6)
  6 chaos spawn
  3 basilisks
  2 steam dragons
  28 golden eyes
  5 hogs
  10 neqoxecs
  47 redbacks
  10 vampire mosquitoes
  5 fire elementals
  A glowing shapeshifter zombie (Depths:2)
  13 swamp worms
  A deep troll zombie (Crypt:2)
  2 spatial vortices
  4 nagas (Abyss:3)
  6 wargs
  4 tengu zombies
  A naga zombie (Crypt:1)
  A cane toad zombie (Crypt:2)
  A floating eye (Depths:1)
  A deep troll skeleton (Crypt:1)
  A demonspawn skeleton (Crypt:1)
  A floating eye (shapeshifter) (Depths:2)
  13 water moccasins
  9 swamp drakes
  2 sky beasts (D:7)
  36 orc warriors
  A swamp dragon zombie (Crypt:1)
  4 ogres
  2 black bears
  3 ice beasts
  33 wolves
  14 centaurs
  A manticore skeleton (Crypt:2)
  A dream sheep skeleton (Crypt:2)
  2 phantoms
  A fire crab zombie (Crypt:1)
  11 kobold brigands
  Blork the orc (D:6)
  17 bullfrogs
  19 necrophages
  5 gnoll sergeants
  2 scorpions
  2 earth elementals
  5 wyvern skeletons (Crypt:3)
  4 wights
  A raiju skeleton (Crypt:1)
  12 killer bees
  10 electric eels
  4 howler monkeys
  A wolf skeleton (Crypt:2)
  2 quasits (Abyss:3)
  14 hounds
  24 orc priests
  9 jellies
  6 iron imps (Abyss:3)
  Jessica (D:2)
  3 gnoll boudas
  Ijyb (D:5)
  4 iguanas (D:6)
  5 hell rats (Lair:3)
  24 orc wizards
  26 small abominations
  A tengu skeleton (Crypt:1)
  6 adders
  29 gnolls
  A gnoll (shapeshifter) (Vaults:5)
  A swamp drake zombie (Crypt:2)
  3 river rats
  3 shadow imps
  5 white imps
  3 ufetubi
  An adder skeleton (Crypt:2)
  10 worms
  2 dart slugs
  98 orcs
  6 bats
  5 endoplasms
  3 giant cockroaches
  9 goblins
  A hobgoblin (D:3)
  8 jackals
  5 quokkas
  9 ball pythons
  3 frilled lizards
  5 kobolds
  A quokka skeleton (Crypt:1)
  10 rats
  A bush (Swamp:4)
  3 lurking horrors
  24 starspawn tentacles
2709 creatures vanquished.

Vanquished Creatures (collateral kills)
  A quicksilver ooze (Slime:5)
  2 boulder beetles (D:11)
  4 elephants
  2 cane toads (Lair:5)
  An orc warrior (D:11)
  A bullfrog (D:8)
  A mummy (Crypt:2)
  An orc (D:11)
13 creatures vanquished.

Vanquished Creatures (others)
  A tentacled starspawn (Abyss:4)
  A wretched star (Abyss:3)
  A deep elf knight (Elf:2)
  2 deep elf zephyrmancers
  An ancient zyme (Abyss:3)
  A blink frog (Abyss:3)
  A yak (D:8)
  A starcursed mass (Abyss:5)
  A human (D:15)
  A large abomination (Abyss:3)
  A chaos spawn (Abyss:3)
  A fire elemental (Elf:3)
  A naga (Abyss:3)
  A wight (D:5)
  A white imp (Abyss:3)
  2 jackals (D:6)
  47 demonic plants
  2 fire vortices (Crypt:2)
  12 foxfires
  35 fungi
  2 lurking horrors
  191 plants
  55 starspawn tentacles
  35 withered plants (Crypt:3)
397 creatures vanquished.

Grand Total: 3119 creatures vanquished

Notes
Turn   | Place    | Note
-------+----------+-------------------------------------------
     0 | D:1      | Shayle the Naga Reaver began the quest for the Orb.
     0 | D:1      | Reached XP level 1. HP: 19/19 MP: 3/3
   184 | D:1      | Reached skill level 1 in Stealth
   184 | D:1      | Reached XP level 2. HP: 12/26 MP: 5/5
   699 | D:1      | Found a faded altar of an unknown god.
  1044 | D:2      | Reached XP level 3. HP: 32/33 MP: 6/6
  1473 | D:2      | Noticed Jessica
  1475 | D:2      | Killed Jessica
  1477 | D:2      | Found Iwaeteq's Vocational Training.
  1581 | D:2      | Reached XP level 4. HP: 39/40 MP: 7/7
  2157 | D:3      | Found Faahuina's Magic Scroll Shop.
  2356 | D:3      | Reached XP level 5. HP: 8/49 MP: 8/8
  2375 | D:3      | Found a glowing drain.
  2386 | Sewer    | Entered a sewer
  2535 | Sewer    | Noticed a kobold brigand
  2544 | Sewer    | Killed a kobold brigand
  2693 | Sewer    | Noticed a kobold brigand
  2705 | Sewer    | Killed a kobold brigand
  2706 | Sewer    | Reached XP level 6. HP: 43/56 MP: 9/9
  3210 | D:3      | Bought a scroll of teleportation for 39 gold pieces
  3210 | D:3      | Bought a scroll of enchant armour for 97 gold pieces
  3526 | D:4      | Noticed an ice beast
  3537 | D:3      | Learned a level 3 spell: Hailstorm
  3565 | D:4      | Noticed a black bear
  3575 | D:3      | Killed a black bear
  3576 | D:3      | Reached skill level 5 in Stealth
  3576 | D:3      | Reached XP level 7. HP: 31/63 MP: 10/10
  3755 | D:4      | You fall into a shaft and drop 3 floors!
  3778 | D:7      | Noticed a steam dragon
  3835 | D:7      | Reached skill level 1 in Ice Magic
  3947 | D:7      | Noticed Joseph
  4109 | D:7      | Found a staircase to the Ecumenical Temple.
  4120 | Temple   | Entered the Ecumenical Temple
  4350 | Temple   | Became a worshipper of Ashenzari the Shackled
  4408 | D:7      | Reached skill level 5 in Axes
  4408 | D:7      | Reached XP level 8. HP: 68/73 MP: 11/11
  4699 | D:6      | Noticed Grum
  4706 | D:6      | Reached skill level 4 in Conjurations
  4734 | D:6      | Killed Grum
  4989 | D:6      | Reached skill level 5 in Fighting
  5126 | D:6      | Reached XP level 9. HP: 31/81 MP: 12/12
  5615 | D:6      | Learned a level 4 spell: Airstrike
  5659 | D:6      | Noticed Blork the orc
  5665 | D:6      | Found Hiwoast's Distillery.
  5668 | D:6      | Killed Blork the orc
  5774 | D:5      | Entered Level 5 of the Dungeon
  6578 | D:4      | Reached skill level 1 in Air Magic
  6938 | D:5      | Noticed Ijyb
  6948 | D:5      | Killed Ijyb
  7654 | D:5      | Reached skill level 1 in Armour
  7846 | D:6      | Found Hyoligom's Armour Shoppe.
  7868 | D:6      | Bought a +0 pair of gloves for 58 gold pieces
  8728 | D:6      | Reached * piety under Ashenzari
  8885 | D:7      | Reached XP level 10. HP: 39/88 MP: 15/15
  9199 | D:7      | Killed Joseph
  9442 | D:7      | Identified a scroll of acquirement
  9810 | D:8      | Acquired the ring "Maqog" {rPois Str+6 Dex+3}
 10145 | D:8      | Reached skill level 5 in Spellcasting
 10149 | D:8      | Reached skill level 5 in Air Magic
 10856 | D:9      | Noticed a two-headed ogre
 10863 | D:9      | Killed a two-headed ogre
 10864 | D:9      | Reached XP level 11. HP: 69/103 MP: 19/19
 11002 | D:9      | Found a hide-covered altar of Uskayaw.
 11781 | D:10     | Entered Level 10 of the Dungeon
 12231 | D:10     | Reached skill level 5 in Armour
 12407 | D:10     | Found a glowing silver altar of Zin.
 12712 | D:10     | Noticed a two-headed ogre
 12719 | D:10     | Killed a two-headed ogre
 12873 | D:11     | Noticed an orc sorcerer
 12873 | D:11     | Noticed a boulder beetle
 13076 | D:11     | Noticed a purple ugly thing
 13224 | D:11     | Killed an orc sorcerer
 13234 | D:11     | Noticed a boulder beetle
 13348 | D:11     | Noticed a purple ugly thing
 13356 | D:10     | Killed a boulder beetle
 13517 | D:11     | Found Tushue's Weapon Shoppe.
 13519 | D:11     | Found a staircase to the Orcish Mines.
 13525 | D:11     | Found Demusk's Armour Shoppe.
 13555 | D:11     | HP: 4/106 [boulder beetle (5)]
 13712 | D:11     | Killed a boulder beetle
 13714 | D:11     | Noticed a boulder beetle
 13721 | D:11     | Killed a boulder beetle
 13744 | D:11     | Reached XP level 12. HP: 94/115 MP: 13/22
 14007 | D:11     | Found a staircase to the Lair.
 14087 | D:11     | Noticed a two-headed ogre
 14094 | D:11     | Killed a two-headed ogre
 14171 | D:11     | Noticed Erica
 14181 | D:11     | Killed Erica
 14208 | Lair:1   | Entered Level 1 of the Lair of Beasts
 14355 | Lair:1   | Reached skill level 10 in Fighting
 14406 | Lair:1   | Noticed Gastronok
 14433 | Lair:1   | Killed Gastronok
 15222 | Lair:2   | Reached ** piety under Ashenzari
 15537 | Lair:2   | Found a staircase to the Swamp.
 16065 | Lair:3   | Gained mutation: You can use your snake-like lower body to
                  | constrict enemies. [Naga growth]
 16065 | Lair:3   | Reached XP level 13. HP: 128/128 MP: 8/26
 16186 | Lair:3   | Found a hole to the Spider Nest.
 16192 | Lair:3   | Noticed Sonja
 16194 | Lair:3   | Killed Sonja
 16872 | Lair:3   | Identified the +7 mace "Joofosay" {elec, Dex+3}
 17334 | Lair:3   | Reached *** piety under Ashenzari
 17425 | Lair:4   | Reached skill level 10 in Air Magic
 18052 | Lair:4   | Found a staircase to the Slime Pits.
 18612 | Lair:5   | Entered Level 5 of the Lair of Beasts
 19103 | Lair:4   | Reached XP level 14. HP: 145/145 MP: 20/30
 19148 | Lair:5   | Reached skill level 10 in Spellcasting
 20685 | Orc:1    | Entered Level 1 of the Orcish Mines
 21182 | Orc:2    | Entered Level 2 of the Orcish Mines
 21462 | Orc:2    | Learned a level 5 spell: Freezing Cloud
 21517 | Orc:2    | Found Oritruh's Distillery.
 21529 | Orc:2    | Bought a potion of invisibility for 104 gold pieces
 21529 | Orc:2    | Bought a potion of mutation for 104 gold pieces
 21529 | Orc:2    | Bought 2 potions of heal wounds for 130 gold pieces
 21529 | Orc:2    | Bought a potion of heal wounds for 65 gold pieces
 21529 | Orc:2    | Bought a potion of invisibility for 104 gold pieces
 21644 | Orc:2    | Found a staircase to the Elven Halls.
 21850 | Orc:2    | Found Guhad's Weapon Shoppe.
 22471 | Orc:2    | Found Qifef's Weapon Shoppe.
 22667 | Orc:2    | Noticed an orc warlord
 22679 | Orc:2    | Killed an orc warlord
 22819 | Orc:2    | Found Setell's Antique Armour Shop.
 22823 | Orc:2    | Found Luelonan's Antique Weapon Boutique.
 22840 | Orc:2    | Bought a crude war axe for 195 gold pieces
 22840 | Orc:2    | Identified the +3 war axe of Ybbiyl {speed, rElec rF+ rC-
                  | Str+4} (You bought it in a shop on level 2 of the Orcish
                  | Mines)
 23182 | D:11     | Found a portal to a secret trove of treasure.
 23584 | D:12     | Identified the +0 chain mail "Kiveuh" {*Slow Int+8 Dex+3}
 23801 | D:11     | Reached XP level 15. HP: 81/154 MP: 23/32
 23911 | Swamp:1  | Entered Level 1 of the Swamp
 24057 | Swamp:1  | Reached skill level 10 in Armour
 24426 | Swamp:1  | Noticed Donald
 24439 | Swamp:1  | Killed Donald
 25001 | Swamp:2  | Reached skill level 5 in Conjurations
 25100 | Swamp:2  | Reached skill level 1 in Earth Magic
 25143 | Swamp:2  | Reached skill level 1 in Shields
 25397 | Swamp:2  | Reached skill level 5 in Dodging
 26054 | Swamp:2  | Identified the +5 broad axe "Diwehun" {speed, rElec Int+2}
 26194 | Swamp:3  | Noticed a ghoul
 26194 | Swamp:3  | Noticed a ghoul
 26206 | Swamp:2  | Killed a ghoul
 27092 | Swamp:3  | Killed a ghoul
 27536 | Swamp:4  | Entered Level 4 of the Swamp
 27720 | Swamp:4  | Reached skill level 6 in Conjurations
 28017 | Swamp:4  | Reached XP level 16. HP: 165/165 MP: 25/34
 29512 | Swamp:4  | Got a decaying rune of Zot
 30433 | Swamp:4  | Reached skill level 7 in Conjurations
 31780 | D:12     | Noticed Fannar
 31787 | D:12     | Killed Fannar
 32149 | D:13     | Reached skill level 5 in Earth Magic
 32679 | D:13     | Found a white marble altar of Elyvilon.
 33503 | D:14     | Noticed Jorgrun
 33508 | D:14     | Killed Jorgrun
 33509 | D:14     | Reached skill level 5 in Shields
 33547 | D:14     | Found a gate to the Vaults.
 33748 | D:14     | Reached XP level 17. HP: 155/175 MP: 21/35
 34955 | D:14     | Noticed Nessos
 34960 | D:14     | Killed Nessos
 35055 | D:14     | Found an ornate altar of the Wu Jian Council.
 35154 | D:14     | Found a runed translucent gate.
 35154 | D:14     | Found a runed translucent gate.
 35154 | D:14     | Found a runed translucent gate.
 35157 | D:14     | Noticed Karianen's ghost (adept KoBr)
 35490 | D:15     | Entered Level 15 of the Dungeon
 35541 | D:15     | Found a gate leading to a gauntlet.
 35554 | Gauntlet | Entered a Gauntlet
 35554 | Gauntlet | Found a transporter.
 35554 | Gauntlet | Found a transporter.
 35558 | Gauntlet | Found a transporter.
 35561 | Gauntlet | Found a transporter.
 35568 | Gauntlet | Reached skill level 10 in Axes
 35589 | Gauntlet | Found a transporter.
 35622 | Gauntlet | Found a transporter.
 35673 | Gauntlet | Found a transporter.
 35677 | Gauntlet | Identified the ring of Jealousy {rF+ Str+5}
 35685 | Gauntlet | Found a transporter.
 35749 | Gauntlet | Found a transporter.
 35749 | Gauntlet | Found the +2 cloak of the Thief {*Fog Slay-2 SInv Stlth+}
 35763 | Gauntlet | Gained mutation: [You are weak. (Str -2)] [a neqoxec]
 35768 | Gauntlet | Found a transporter.
 35768 | Gauntlet | Identified the ring of Duuddac {Drain +Blink rC+++ Will-
                  | Slay+4}
 35768 | Gauntlet | Identified the +3 plate armour of the Maze {Dex+4 Stlth+}
 35813 | Gauntlet | Reached skill level 8 in Conjurations
 36131 | Spider:1 | Entered Level 1 of the Spider Nest
 36139 | Spider:1 | Identified the Writings on Spellbinding
 37879 | Spider:2 | Reached skill level 15 in Fighting
 39679 | Spider:4 | Entered Level 4 of the Spider Nest
 39688 | Spider:3 | Reached XP level 18. HP: 185/186 MP: 0/36
 40010 | Spider:4 | Reached skill level 9 in Conjurations
 41414 | Spider:4 | Identified the +0 hat of Vlad {Fly rN++ Str-2 Int+8}
 42044 | Spider:4 | Got a gossamer rune of Zot
 42576 | Elf:1    | Entered Level 1 of the Elven Halls
 42973 | Abyss:2  | Cast into level 2 of the Abyss (+4 glaive of distortion)
 43180 | Elf:1    | Escaped the Abyss
 43291 | Elf:1    | Identified the Spellbook of the Quarry
 43292 | Elf:1    | Noticed Ziureph's ghost (journeyman TrFi)
 43299 | Elf:1    | Found a runed translucent door.
 43311 | Elf:1    | Learned a level 7 spell: Storm Form
 43706 | Elf:1    | Reached skill level 1 in Unarmed Combat
 43706 | Elf:1    | Reached skill level 1 in Transmutations
 44992 | Elf:2    | Reached XP level 19. HP: 195/195 MP: 17/37
 45610 | Elf:2    | Found a runed translucent gate.
 45612 | Elf:2    | Found a runed translucent gate.
 45617 | Elf:2    | Found a runed translucent gate.
 47246 | Elf:2    | Reached skill level 5 in Transmutations
 47293 | Elf:2    | Reached skill level 5 in Unarmed Combat
 47690 | Elf:3    | Entered Level 3 of the Elven Halls
 47890 | Elf:3    | Found a magical portal.
 47895 | WizLab   | Entered Lehudib's Moon Base
 48119 | WizLab   | Found a transporter.
 48760 | WizLab   | Paralysed by a great orb of eyes for 5 turns
 48869 | WizLab   | Identified the cursed +2 cloak of Ashenzari's Servitude
                  | {Bglg, Fort} (You found it on level 2 of the Dungeon)
 48869 | WizLab   | Identified the cursed +2 hat of Desmomancy {Stlth+, Cun,
                  | Alch} (You took it off Gastronok on level 1 of the Lair of
                  | Beasts)
 49242 | WizLab   | Reached XP level 20. HP: 162/205 MP: 30/37
 49261 | WizLab   | Identified the ring of Gowiniwo {Wiz *Corrode rN+ Dex+4}
 49290 | WizLab   | Paralysed by a great orb of eyes for 4 turns
 49408 | WizLab   | Reached skill level 10 in Shields
 49882 | WizLab   | Found a transporter.
 50922 | Elf:3    | Found a radiant altar of Vehumet.
 51326 | Elf:3    | Identified the +7 falchion "Giatirgh" {venom, rPois rCorr
                  | Dex+4}
 51693 | Elf:3    | Identified the +8 shortbow of Gotiang {vorpal, Dex+3}
 51698 | Elf:3    | Identified Muninla's Tome of Venom and Wanderlust
 51822 | Elf:3    | Identified the +11 mace "Ludunkash" {vorpal, rF+ rCorr
                  | SInv}
 51822 | Elf:3    | Identified the +1 helmet of Ophuen {Str+7}
 51839 | Elf:3    | Identified the ring of Propriety {Str+6 Int+7 Dex+4 Stlth+}
 51841 | Elf:3    | Identified the +2 flail of the Reaper {venom, Fragile
                  | Int+3}
 51911 | Elf:3    | Identified the +8 falchion of Eternal Harmony {speed,
                  | *Noise rF+ rN++ Str+7}
 51911 | Elf:3    | Identified the +2 hand axe of Governance {antimagic,
                  | Will++}
 51911 | Elf:3    | Identified the +3 arbalest "Dujiun" {penet, +Blink rN+
                  | Dex-4}
 51911 | Elf:3    | Found the +2 Maxwell's thermic engine {flame, freeze}
 51917 | Elf:3    | Identified Asmodeus's Teachings on Called Calefaction
 52033 | Elf:3    | Identified the +5 great mace "Zeujoubb" {vorpal, rElec rF-
                  | rC- Str+6}
 52043 | Elf:3    | Identified the amulet of Symmetry {Spirit rN+}
 52258 | Lair:1   | Upgraded the game from 0.30-a0-364-gf6b3ef1049 to
                  | 0.30-a0-365-ge7f957f1db
 52263 | Lair:1   | Learned a level 4 spell: Manifold Assault
 52339 | Vaults:1 | Entered Level 1 of the Vaults
 52658 | Vaults:1 | Reached skill level 1 in Translocations
 53227 | Vaults:1 | Reached XP level 21. HP: 209/214 MP: 33/37
 53546 | Vaults:1 | Noticed Nikola
 53558 | Vaults:1 | Killed Nikola
 54183 | Vaults:1 | Reached skill level 5 in Translocations
 54189 | Vaults:1 | Gained mutation: [You are frail. (-10% HP)] [mutagenic
                  | glow]
 55342 | Vaults:1 | Identified the +0 chain mail of the Louse {Harm}
 55516 | Vaults:1 | Reached skill level 10 in Unarmed Combat
 55527 | Vaults:1 | Reached skill level 10 in Transmutations
 56273 | Vaults:2 | Identified the +3 leather armour of the Valley {Will+}
 56331 | Vaults:2 | Reached skill level 1 in Necromancy
 57617 | Vaults:2 | Found a staircase to the Crypt.
 57617 | Vaults:2 | Found a basalt altar of Yredelemnul.
 57617 | Vaults:2 | Found an ancient bone altar of Kikubaaqudgha.
 58680 | Vaults:3 | Learned a level 8 spell: Ignition
 58753 | Vaults:3 | Identified the +3 scale mail of Wasted Space {Fly rC+++
                  | Will- Str-5}
 58903 | Vaults:3 | Reached skill level 1 in Fire Magic
 59189 | Vaults:3 | Reached XP level 22. HP: 205/205 MP: 37/39
 59453 | Vaults:3 | Noticed Saint Roka
 59469 | Vaults:3 | Killed Saint Roka
 59824 | Vaults:3 | Found Paolys's Assorted Antiques.
 59830 | Vaults:3 | Bought a scroll of enchant armour for 285 gold pieces
 59923 | Vaults:3 | Identified the +2 leather armour of the Lion {Contam rC+
                  | Will++}
 60199 | Vaults:4 | Identified the cursed +2 pair of gloves of the Unyielding
                  | Gaze {Str+3, Comp, Fort} (You found it in a wizard's
                  | laboratory)
 60310 | Vaults:4 | Reached skill level 5 in Fire Magic
 60377 | Vaults:4 | Reached skill level 10 in Translocations
 60566 | Vaults:4 | Noticed Mara
 60570 | Vaults:4 | Noticed Shayle's illusion
 61197 | Vaults:4 | Found Gozag's Antique Weapon Emporium.
 61202 | Vaults:4 | Found an opulent altar of Gozag.
 61204 | Vaults:4 | Found Gozag's Assorted Antiques.
 61206 | Vaults:4 | Found Gozag's Assorted Antiques.
 62509 | Vaults:4 | Noticed Shayle's illusion
 62509 | Vaults:4 | Killed Mara
 63048 | Elf:1    | Killed Ziureph's ghost
 63284 | Elf:1    | Learned a level 6 spell: Iron Shot
 63697 | Slime:1  | Entered Level 1 of the Pits of Slime
 65344 | Slime:2  | Reached skill level 10 in Fire Magic
 65953 | Slime:4  | Gained mutation: [You occasionally lose the ability to read
                  | scrolls when taking damage.] [a shining eye]
 66852 | Slime:4  | Gained mutation: You are vulnerable to cold. (rC-) [a
                  | shining eye]
 66855 | Slime:4  | Reached XP level 23. HP: 211/211 MP: 32/40
 66855 | Slime:4  | Gained mutation: [You are very weak. (Str -4)] [a shining
                  | eye]
 66856 | Slime:4  | Gained mutation: [You sometimes lose your temper in
                  | combat.] [a shining eye]
 66860 | Slime:4  | Gained mutation: Your magical capacity is low. (-10% MP) [a
                  | shining eye]
 66871 | Slime:4  | Gained mutation: [You have an uncontrollable temper.] [a
                  | shining eye]
 67011 | Slime:3  | Lost mutation: [You are very weak. (Str -4)] [potion of
                  | mutation]
 67011 | Slime:3  | Lost mutation: [You are frail. (-10% HP)] [potion of
                  | mutation]
 67011 | Slime:3  | Gained mutation: Your magical capacity is very low. (-20%
                  | MP) [potion of mutation]
 67011 | Slime:3  | Lost mutation: Your magical capacity is very low. (-20% MP)
                  | [potion of mutation]
 67012 | Slime:3  | Lost mutation: Your magical capacity is low. (-10% MP)
                  | [potion of mutation]
 67012 | Slime:3  | Lost mutation: [You occasionally lose the ability to read
                  | scrolls when taking damage.] [potion of mutation]
 67012 | Slime:3  | Lost mutation: You are vulnerable to cold. (rC-) [potion of
                  | mutation]
 67012 | Slime:3  | Gained mutation: You occasionally lose the ability to drink
                  | potions when taking damage. [potion of mutation]
 67013 | Slime:3  | Lost mutation: [You have an uncontrollable temper.] [potion
                  | of mutation]
 67013 | Slime:3  | Lost mutation: [You sometimes lose your temper in combat.]
                  | [potion of mutation]
 67013 | Slime:3  | Lost mutation: [You are weak. (Str -2)] [potion of
                  | mutation]
 67013 | Slime:3  | Gained mutation: Your muscles are strong. (Str +4, Int/Dex
                  | -1) [potion of mutation]
 67013 | Slime:3  | Gained mutation: You have a pair of small horns on your
                  | head. [potion of mutation]
 67013 | Slime:3  | Gained mutation: You are strong-willed. (Will+) [potion of
                  | mutation]
 67014 | Slime:3  | Lost mutation: You are strong-willed. (Will+) [potion of
                  | mutation]
 67014 | Slime:3  | Lost mutation: Your muscles are strong. (Str +4, Int/Dex
                  | -1) [potion of mutation]
 67015 | Slime:3  | Lost mutation: You have a pair of small horns on your head.
                  | [potion of mutation]
 67015 | Slime:3  | Lost mutation: You occasionally lose the ability to drink
                  | potions when taking damage. [potion of mutation]
 67015 | Slime:3  | Gained mutation: You are agile. (Dex +4, Str/Int -1)
                  | [potion of mutation]
 67015 | Slime:3  | Gained mutation: Your muscles are strong. (Str +4, Int/Dex
                  | -1) [potion of mutation]
 67015 | Slime:3  | Gained mutation: You are partially covered in large bone
                  | plates. (SH +4) [potion of mutation]
 67047 | Slime:4  | Gained mutation: You occasionally lose the ability to drink
                  | potions when taking damage. [a shining eye]
 67049 | Slime:4  | Lost mutation: You are agile. (Dex +4, Str/Int -1) [a
                  | shining eye]
 67335 | Slime:5  | Entered Level 5 of the Pits of Slime
 67630 | Slime:5  | Noticed the Royal Jelly
 68140 | Slime:5  | Reached **** piety under Ashenzari
 68180 | Slime:4  | Learned a level 3 spell: Ignite Poison
 69426 | Crypt:1  | Entered Level 1 of the Crypt
 69604 | Crypt:1  | Identified the +1 pair of boots of Patience {MP+9 Str+2
                  | Int-4}
 70949 | D:15     | Noticed Louise
 70956 | D:15     | Killed Louise
 71058 | D:15     | Noticed Kirke
 71132 | D:15     | Killed Kirke
 71423 | D:15     | Found a staircase to the Depths.
 71842 | Depths:1 | Entered Level 1 of the Depths
 72906 | Depths:1 | Reached skill level 15 in Fire Magic
 73525 | Depths:1 | Found a one-way gateway to a ziggurat.
 73919 | Depths:1 | Found a sparkling altar of Nemelex Xobeh.
 73996 | Depths:1 | Found a gateway to Hell.
 75070 | Depths:2 | Identified the +0 ring mail of Siuwasomp {Str+3 Int+3}
 75263 | Depths:2 | Reached XP level 24. HP: 244/244 MP: 35/40
 75359 | Depths:2 | Found a one-way gate leading to the halls of Pandemonium.
 76172 | Depths:2 | Identified the cursed +4 barding of the Prescient Empyrean
                  | {Fly, Elem, Comp} (You took it off Nessos on level 14 of
                  | the Dungeon)
 76470 | Depths:2 | Noticed Aizul
 76482 | Depths:2 | Killed Aizul
 77157 | Depths:2 | Found a one-way gate to the infinite horrors of the Abyss.
 77554 | Depths:3 | Identified the ring "Tilumeum" {rCorr AC+4 Int+3}
 78260 | Depths:3 | Found an opulent altar of Gozag.
 78522 | Depths:3 | Found a corrupted altar of Lugonu.
 78776 | Depths:4 | Entered Level 4 of the Depths
 79537 | Depths:4 | Reached skill level 10 in Conjurations
 80026 | Depths:4 | Found a gate to the Realm of Zot.
 80031 | Depths:4 | Identified the +2 pair of boots of Action {rElec Str+4
                  | Int+10 Dex-3}
 80166 | Depths:4 | Found an iron altar of Okawaru.
 80294 | Depths:4 | Found an ancient bone altar of Kikubaaqudgha.
 81873 | Slime:5  | Killed the Royal Jelly
 81874 | Slime:5  | Reached XP level 25. HP: 227/256 MP: 6/42
 81884 | Slime:5  | Identified the +9 halberd of Tijohuve {freeze, Int+3}
 81886 | Slime:5  | Identified the +1 ring mail of Beyond {Harm rC- Int+4}
 81886 | Slime:5  | Identified the Parchment of Changed Beckoning
 81886 | Slime:5  | Identified the +0 ring mail "Togisacw" {Int+2}
 81889 | Slime:5  | Identified the +10 scale mail of Prudence {rC+ rN+ Stlth+}
 81988 | Slime:5  | Got a slimy rune of Zot
 81998 | Slime:5  | Identified the +4 hand axe of Shayle's Destruction {freeze,
                  | rF++ Int+3 Dex+4}
 81998 | Slime:5  | Identified the +2 cloak of Wisore {Str+2 Int+3}
 82014 | Slime:5  | Identified the amulet "Guatao" {Faith rPois rC- rCorr Int+6
                  | Dex-5}
 82083 | Slime:5  | Identified the +4 great mace "Riackar" {venom, rElec
                  | Stlth+}
 82448 | Lair:1   | Learned a level 9 spell: Fire Storm
 82632 | Vaults:5 | Entered Level 5 of the Vaults
 82632 | Vaults:5 | Identified the amulet "Panos" {Spirit rElec rCorr}
 82634 | Vaults:5 | Reached skill level 11 in Conjurations
 82684 | Vaults:5 | Identified the +10 double sword of the Eternal Warrior
                  | {freeze, rC++ Will+ Int-4 Dex+4}
 82684 | Vaults:5 | Noticed Xtahua
 82691 | Vaults:5 | Killed Xtahua
 82692 | Vaults:5 | Reached skill level 12 in Conjurations
 83152 | Vaults:5 | Identified the +4 bardiche "Aubergine" {elec, rC- Int+3
                  | SInv}
 83306 | Vaults:5 | Reached skill level 13 in Conjurations
 83307 | Vaults:5 | Identified the +1 chain mail "Umik" {rPois Int+2 Stlth+}
 83470 | Vaults:5 | Noticed a dread lich
 83619 | Vaults:4 | Paralysed by a dread lich for 4 turns
 83786 | Vaults:3 | Killed a dread lich
 84149 | Vaults:5 | Learned a level 2 spell: Blink
 84203 | Vaults:5 | Identified the +8 short sword of Peroadeu {spect, rN++
                  | Dex+5 Stlth-}
 84345 | Vaults:5 | Noticed an ancient lich
 84370 | Vaults:5 | Got a silver rune of Zot
 84478 | Vaults:5 | Killed an ancient lich
 84479 | Vaults:5 | Reached skill level 14 in Conjurations
 85439 | Vaults:5 | Identified the +3 ring mail "Yshodune" {rF+++ rC- Str+2
                  | Stlth+}
 85440 | Vaults:5 | Identified the +9 short sword of Callousness {flame, rC+
                  | Int+4 SInv}
 86652 | Crypt:1  | Reached skill level 15 in Conjurations
 86963 | Crypt:2  | Noticed Zivuv's ghost (veteran FoFi)
 87231 | Crypt:2  | Noticed an ancient lich
 87249 | Crypt:2  | Reached XP level 26. HP: 266/266 MP: 38/44
 87464 | Crypt:2  | Noticed Boris
 87478 | Crypt:2  | Killed Boris
 87888 | Crypt:2  | Noticed Zenata
 87896 | Crypt:2  | Killed Zenata
 87995 | Crypt:2  | Noticed Weuw's ghost (adept GrFi)
 88003 | Crypt:2  | Reached skill level 16 in Conjurations
 88021 | Crypt:2  | Identified the Precepts of Morbid Glaciation
 88024 | Crypt:2  | Found a transporter.
 88026 | Crypt:2  | Found a transporter.
 88034 | Crypt:2  | Noticed a royal mummy
 88075 | Crypt:2  | Noticed Mennas
 88346 | Crypt:2  | Killed Mennas
 88451 | Crypt:2  | Noticed a royal mummy
 88455 | Crypt:2  | Noticed Khufu
 88460 | Crypt:2  | Noticed a royal mummy
 88462 | Crypt:2  | Killed a royal mummy
 88872 | Crypt:3  | Entered Level 3 of the Crypt
 89114 | Crypt:3  | Found a basalt altar of Yredelemnul.
 89319 | Crypt:3  | Noticed Jory
 89333 | Crypt:3  | Killed Jory
 89337 | Crypt:3  | Identified the +8 plate armour "Duod" {Harm Regen+ Dex+3}
 89426 | Crypt:3  | Identified the cursed +5 kite shield "Annoyance of
                  | Ashenzari" {reflect, Bglg, Elem} (You took it off Donald on
                  | level 1 of the Swamp)
 89561 | Crypt:3  | Reached skill level 17 in Conjurations
 89803 | Crypt:3  | Reached skill level 15 in Spellcasting
 90288 | D:11     | You paid a toll of +4 shadow dragon scales to enter a
                  | treasure trove
 90289 | Trove    | Entered a treasure trove
 90489 | D:6      | Bought a potion of mutation for 104 gold pieces
 90489 | D:6      | Bought a potion of cancellation for 104 gold pieces
 90489 | D:6      | Bought a potion of brilliance for 52 gold pieces
 90489 | D:6      | Bought a potion of brilliance for 52 gold pieces
 90489 | D:6      | Bought a potion of curing for 39 gold pieces
 90489 | D:6      | Bought a potion of cancellation for 104 gold pieces
 90489 | D:6      | Bought a potion of brilliance for 52 gold pieces
 90489 | D:6      | Bought a potion of berserk rage for 65 gold pieces
 90741 | Depths:2 | Voluntarily entered the Abyss.
 90951 | Abyss:3  | Found a corrupted altar of Lugonu.
 91161 | Abyss:3  | Found a corrupted altar of Lugonu.
 91299 | Abyss:3  | Found a corrupted altar of Lugonu.
 91413 | Abyss:3  | Found a corrupted altar of Lugonu.
 91578 | Abyss:3  | Found a corrupted altar of Lugonu.
 91689 | Abyss:3  | Noticed an ancient lich
 91733 | Abyss:3  | Killed an ancient lich
 91735 | Abyss:3  | Gained mutation: You sometimes lose the ability to drink
                  | potions when taking damage. [a neqoxec]
 91739 | Abyss:3  | Reached skill level 18 in Conjurations
 92335 | Depths:2 | Escaped the Abyss
 92450 | Depths:2 | Voluntarily entered the Abyss.
 92485 | Abyss:3  | Found a corrupted altar of Lugonu.
 92674 | Abyss:3  | Lost mutation: You are partially covered in large bone
                  | plates. (SH +4) [potion of mutation]
 92674 | Abyss:3  | Lost mutation: Your muscles are strong. (Str +4, Int/Dex
                  | -1) [potion of mutation]
 92674 | Abyss:3  | Lost mutation: You sometimes lose the ability to drink
                  | potions when taking damage. [potion of mutation]
 92674 | Abyss:3  | Gained mutation: [You do not regenerate when monsters are
                  | visible.] [potion of mutation]
 92674 | Abyss:3  | Gained mutation: You are strong-willed. (Will+) [potion of
                  | mutation]
 92675 | Abyss:3  | Lost mutation: [You do not regenerate when monsters are
                  | visible.] [potion of mutation]
 92675 | Abyss:3  | Lost mutation: You occasionally lose the ability to drink
                  | potions when taking damage. [potion of mutation]
 92675 | Abyss:3  | Gained mutation: You are highly strong-willed. (Will++)
                  | [potion of mutation]
 92675 | Abyss:3  | Gained mutation: [You sometimes lose your temper in
                  | combat.] [potion of mutation]
 92675 | Abyss:3  | Gained mutation: Your flesh is cold resistant. (rC+)
                  | [potion of mutation]
 92676 | Abyss:3  | Lost mutation: Your flesh is cold resistant. (rC+) [potion
                  | of mutation]
 92676 | Abyss:3  | Lost mutation: You are highly strong-willed. (Will++)
                  | [potion of mutation]
 92676 | Abyss:3  | Lost mutation: [You sometimes lose your temper in combat.]
                  | [potion of mutation]
 92676 | Abyss:3  | Gained mutation: [You occasionally shout uncontrollably at
                  | your foes.] [potion of mutation]
 92791 | Abyss:3  | Reached XP level 27. HP: 273/273 MP: 20/45
 92797 | Abyss:3  | Gained mutation: [You occasionally lose the ability to read
                  | scrolls when taking damage.] [a cacodemon]
 92830 | Abyss:3  | Reached skill level 19 in Conjurations
 93379 | Abyss:3  | Noticed a dread lich
 93606 | Abyss:4  | Reached skill level 20 in Conjurations
 93820 | Abyss:4  | Paralysed by an air elemental for 1 turns
 94012 | Abyss:4  | Reached ***** piety under Ashenzari
 94100 | Abyss:4  | Found a shimmering altar of Xom.
 94101 | Abyss:4  | Found a shimmering altar of Xom.
 94101 | Abyss:4  | Found a shimmering altar of Xom.
 94101 | Abyss:4  | Found a shimmering altar of Xom.
 94101 | Abyss:4  | Found a shimmering altar of Xom.
 94101 | Abyss:4  | Found a shimmering altar of Xom.
 94101 | Abyss:4  | Found a shimmering altar of Xom.
 94101 | Abyss:4  | Found a corrupted altar of Lugonu.
 94101 | Abyss:4  | Found a shimmering altar of Xom.
 94101 | Abyss:4  | Found a shimmering altar of Xom.
 94101 | Abyss:4  | Found a shimmering altar of Xom.
 94101 | Abyss:4  | Found a shimmering altar of Xom.
 94101 | Abyss:4  | Found a shimmering altar of Xom.
 94101 | Abyss:4  | Found a shimmering altar of Xom.
 94387 | Abyss:5  | Found a corrupted altar of Lugonu.
 94441 | Abyss:5  | Lost mutation: [You occasionally lose the ability to read
                  | scrolls when taking damage.] [potion of mutation]
 94441 | Abyss:5  | Lost mutation: You are strong-willed. (Will+) [potion of
                  | mutation]
 94441 | Abyss:5  | Lost mutation: [You occasionally shout uncontrollably at
                  | your foes.] [potion of mutation]
 94441 | Abyss:5  | Gained mutation: Your tail ends in a venomous barb. [potion
                  | of mutation]
 94441 | Abyss:5  | Gained mutation: You passively map a small area around you.
                  | [potion of mutation]
 94441 | Abyss:5  | Gained mutation: Your movements are slightly less
                  | encumbered by armour. (ER -2) [potion of mutation]
 94476 | Abyss:5  | Gained mutation: [You are dopey. (Int -2)] [a neqoxec]
 94534 | Abyss:5  | Reached skill level 21 in Conjurations
 94539 | Abyss:5  | Noticed an ancient lich
 94551 | Abyss:5  | Killed an ancient lich
 94625 | Abyss:5  | Gained mutation: [Your body sometimes deteriorates upon
                  | taking damage.] [a neqoxec]
 94761 | Abyss:6  | Found a corrupted altar of Lugonu.
 94785 | Depths:2 | Escaped the Abyss
 94911 | Depths:2 | Voluntarily entered the Abyss.
 94932 | Abyss:6  | Killed from afar by a hellephant

Illustrated notes

Levels and vault maps discovered:
D:1:      dpeg_arrival_simpleton_a, layout_loops_ring,
          ebering_ecumenical_altar_petrified, st_stairs_14
D:2:      layout_basic, serial_park_tiny_1, grunt_decor_cap, glass_columns_a,
          nicolae_shop_vocational, uniq_jessica
D:3:      layout_loops_ring, serial_shops, nicolae_shop_window_shopping,
          lightli_sewer_entry_pipes
D:4:      layout_rooms
D:5:      layout_gridville, kennysheep_path_1, minmay_manual_maat, uniq_ijyb
D:6:      layout_cave_pools, serial_gnoll_camp, gnoll_camp_mini_house,
          gnoll_camp_huts_basic, gnoll_camp_mini_shop, gnoll_camp_mini_basic,
          gnoll_camp_mini_shop, grums_kennel, minmay_increasing_density,
          uniq_blork_the_orc
D:7:      minmay_recursive_quarters, layout_basic, temple_pool_b, uniq_joseph
D:8:      layout_rooms, hex_tiny
D:9:      layout_stronghold, nicolae_uskayaw_murder_on_the_dancefloor
D:10:     layout_rooms, mainiacjoe_overflow_surrounded_room, dk_noncrumbling_4
D:11:     cheibrodos_wizards_tower, layout_cave_pools, erik_lair_island,
          orc_david_3, nicolae_trove_entry_columns, uniq_erica
D:12:     layout_basic, serial_bayou_ford_a, uniq_fannar
D:13:     layout_cave_pools, nicolae_elyvilon_temple_path
D:14:     layout_stronghold, grunt_vaults_entry_fortified,
          gammafunk_ghost_hydra_chop, serial_bayou, serial_bayou_shore_a,
          serial_bayou_pond_c, serial_bayou_lagoon_a, serial_bayou_pond_b,
          minmay_misc_feat_chi, nicolae_wu_jian_immortal_techniques,
          uniq_nessos, uniq_jorgrun
D:15:     gammafunk_enter_depths_forms, layout_cave_pools, chequers_jeans,
          gauntlet_entry_generic, hangedman_decor_points, uniq_kirke,
          uniq_louise
Temple:   mainiacjoe_temple_cubbyholes
Lair:1:   layout_chaotic_city, patterned_corridor, grunt_megastairs_2,
          uniq_gastronok
Lair:2:   layout_small_grid, swamp_mist_pool, infiniplex_staircase_pool_2
Lair:3:   layout_gridlike, spider_nest_entry_webs, lemuel_another_geyser,
          uniq_sonja
Lair:4:   layout_layer_cave, minmay_slime_entry_pillars, st_stairs_9
Lair:5:   minmay_lair_end_frog_pond, layout_layer_cave
Swamp:1:  layout_falls_marsh, evilmike_swamp_ruin_house_3, swamp_pool3,
          uniq_donald
Swamp:2:  layout_basic_swamp, nicolae_swamp_orc_logging_accident,
          nicolae_swamp_oxbows
Swamp:3:  layout_falls_marsh, nicolae_swamp_little_tower
Swamp:4:  grunt_swamp_rune_castle, layout_basic_swamp, infiniplex_staircase_pool
Spider:1: nicolae_spider_mines_1
Spider:2: layout_spider_delve
Spider:3: layout_spider_delve
Spider:4: grunt_spider_rune_circles
Slime:1:  layout_caves
Slime:2:  layout_caves
Slime:3:  layout_caves
Slime:4:  layout_caves
Slime:5
Orc:1:    layout_caves, basic_altar
Orc:2:    grunt_orc_community_town_hall, layout_caves,
          grunt_orc_community_big_house_1, grunt_orc_community_big_house_2,
          grunt_orc_community_house_2, grunt_orc_community_house_2,
          grunt_orc_community_house_3, grunt_orc_community_house_1,
          grunt_orc_community_house_2, grunt_orc_community_house_1,
          serial_shops, nicolae_square_shop, mines2_lemuel
Elf:1:    eino_elf_arrival_customs, layout_loops_corners,
          hellmonk_ghost_big_iron, minivault_28, elves_outpost_lemuel
Elf:2:    nicolae_elf_blades_splatter_lattice
          [nicolae_vaults_blade_armed_guards], layout_loops_cross, st_stairs_8,
          nicolae_concentric_dashed_squares_wild
Elf:3:    minmay_elf_hall, layout_loops_cross, infiniplex_enter_wizlab_spiral,
          basic_altar
Vaults:1: nicolae_vaults_rhombus_5, hangedman_vaults_corner, v_pattern_4,
          dpeg_vaults_monster_doublerow, hangedman_vaults_stream,
          ontoclasm_vaults_loading_screen, grunt_vaults_hallway_long,
          hangedman_vaults_locks, vaults_room_grunt_arrival_ludios,
          hangedman_vaults_cutoff, ontoclasm_vaults_gateway,
          vaults_room_semicircle, nicolae_vaults_little_squares_3,
          vaults_dpeg_encased_lava, nicolae_vaults_shelves_hall,
          layout_vaults_ring, uniq_nikola
Vaults:2: vaults_mumra_hexcomb, v_misc_19, v_misc_1,
          minmay_crypt_entry_necro_gods, vaults_room_guarded_vault,
          ontoclasm_vaults_twist, vaults_dpeg_ring,
          nicolae_vaults_network_square, vaults_room_pool,
          layout_vaults_chaotic_city
Vaults:3: ontoclasm_vaults_spin, vaults_mumra_chevron, vaults_room_door_hall,
          v_rooms_3, v_alt_pattern_6, grunt_vaults_hallway_short,
          layout_vaults_omnigrid, serial_shops, shop, uniq_saint_roka
Vaults:4: vaults_room_fours, nicolae_vaults_hallways_thing,
          ontoclasm_vaults_bender, kennysheep_vaults_gozag_temple,
          ontoclasm_vaults_eye, v_misc_10, v_misc_10, nicolae_vaults_what_the_h,
          nicolae_vaults_little_ls, ontoclasm_vaults_ligature,
          nicolae_vaults_little_squares_3, grunt_vaults_hallway_short,
          layout_vaults_omnicross, uniq_mara
Vaults:5: uniq_xtahua
Crypt:1:  layout_rooms, minicrypt_bobbens
Crypt:2:  layout_basic, nzn_ghost_randoct, serial_corexii_hall,
          corexii_hall_statues_i, corexii_hall_statues_s,
          corexii_hall_statues_u, uniq_mennas, uniq_khufu, uniq_boris,
          uniq_zenata
Crypt:3:  evilmike_haunted_forest, uniq_jory
Depths:1: layout_basic, enter_ziggurat_d, hangedman_geh_valley,
          serial_bayou_pond_d, statue_in_the_mist_lemuel, nemelex_altar_shiori,
          grunt_megastairs_4
Depths:2: minmay_the_grid_octo_tiled_squarecenter_mashed
          [minmay_the_grid_octo_chip, minmay_the_grid_octo_focus,
          minmay_the_grid_octo_checkered, minmay_the_grid_octo_odd_swirl,
          minmay_the_grid_square_5x5_megaprize_hollow,
          minmay_the_grid_square_5x5_tri_point,
          minmay_the_grid_square_5x5_fat_x, minmay_the_grid_square_5x5_empty,
          minmay_the_grid_square_5x5_minivault], layout_cave_pools, pan_entry,
          abyss_entry, minmay_misc_feat_hallway, grunt_mini_vestibule,
          grunt_decor_arrowhead, kennysheep_diamond, minmay_evil_grid,
          uniq_aizul
Depths:3: nicolae_whirlpool, layout_long_grid, abyss_entry_flame_altar,
          nicolae_gozag_seed_capital, pf_hell_entry_tar_river,
          minmay_staircase_statues, uniq_grunn
Depths:4: grunt_zot_entry_alcove, layout_cave_pools, okawaru_ov_weapons_minmay,
          hellmouth_1, grunt_decor_one_mirror,
          nicolae_kikubaaqudgha_miasma_corner
Abyss:6:  base: D:2, spicy_abyss_pitcher_plant, hangedman_steaming_rock,
          bh_abyss_xom_lugonu_altar, spicy_abyss_planar_alliance,
          nicolae_abyss_rune_left_handed, evilmike_abyss_exit_9, base: D:8,
          evilmike_abyss_exit_16, hangedman_abyss_or_decor_clamps,
          evilmike_abyss_rune_ettins, minivault_27, patterned_corridor

Skill      XL: |  1  2  3  4  5  6  7  8  9 10 11 12 13 14 15 16 17 18 19 20 21 22 23 24 25 26 27 |
---------------+----------------------------------------------------------------------------------+-----
Stealth        | 1 2 3 4 5 6 7 |  7.8
Dodging        | 2 3 4 5 6 7 8 9 |  9.2
Fighting       | 3 4 5 6 8 9 10 11 13 14 15 16 17 18 | 18.5
Axes           | 4 5 7 9 11 12 | 12.2
Ice Magic      | 1 3 |  3.5
Conjurations   | 4 6 7 8 9 10 15 18 21 | 21.3
Air Magic      | 3 5 7 9 10 11 12 | 12.6
Armour         | 2 4 6 7 8 9 10 | 10.3
Spellcasting   | 3 5 7 8 9 11 12 14 15 17 | 17.2
Earth Magic    | 3 5 7 8 |  8.0
Shields        | 3 5 6 8 9 11 12 | 12.0
Unarmed Combat | 2 6 9 10 | 10.5
Transmutations | 3 6 9 10 | 10.5
Translocations | 3 8 12 13 | 13.0
Necromancy     | 2 |  2.8
Fire Magic     | 2 10 16 19 | 19.6

Action                   |  1- 3 |  4- 6 |  7- 9 | 10-12 | 13-15 | 16-18 | 19-21 | 22-24 | 25-27 || total
-------------------------+-------+-------+-------+-------+-------+-------+-------+-------+-------++-------
Melee: Hand axe          |    11 |       |    63 |    59 |       |       |       |       |       ||   133
       Short sword       |    45 |   145 |   356 |       |       |       |       |       |   307 ||   853
       Punch             |       |     5 |     4 |     1 |       |       |     5 |     4 |    20 ||    39
       Quarterstaff      |       |       |       |   282 |   250 |       |       |       |       ||   532
       Constrict         |       |       |       |       |    71 |    99 |   106 |   139 |   286 ||   701
       Broad axe         |       |       |       |       |    34 |   547 |   622 |   911 |  1355 ||  3469
       Mace              |       |       |       |       |       |     3 |       |     8 |       ||    11
       Unarmed           |       |       |       |       |       |       |    61 |    34 |   115 ||   210
       Falchion          |       |       |       |       |       |       |       |   547 |    47 ||   594
       Double sword      |       |       |       |       |       |       |       |    20 |       ||    20
       Trishula          |       |       |       |       |       |       |       |       |    11 ||    11
Throw: Dart              |       |       |    19 |     5 |       |       |       |       |       ||    24
 Cast: Airstrike         |       |       |       |   121 |   531 |   421 |   295 |   178 |    34 ||  1580
       Hailstorm         |       |       |       |    11 |     5 |     3 |     1 |     5 |     1 ||    26
       Freezing Cloud    |       |       |       |       |    58 |   185 |   149 |   224 |    54 ||   670
       Storm Form        |       |       |       |       |       |       |     5 |     6 |     9 ||    20
       Manifold Assault  |       |       |       |       |       |       |     2 |    58 |     4 ||    64
       Iron Shot         |       |       |       |       |       |       |       |   118 |   116 ||   234
       Ignition          |       |       |       |       |       |       |       |     9 |    53 ||    62
       Ignite Poison     |       |       |       |       |       |       |       |     2 |       ||     2
       Blink             |       |       |       |       |       |       |       |       |     2 ||     2
       Fire Storm        |       |       |       |       |       |       |       |       |     1 ||     1
Invok: Curse Item        |       |       |     2 |     1 |     2 |       |     1 |     2 |     2 ||    10
       Shatter the Chain |       |       |       |       |       |       |     1 |     1 |       ||     2
 Abil: Spit Poison       |     3 |    11 |    56 |    26 |    10 |       |     6 |     1 |       ||   113
       Blinkbolt         |       |       |       |       |       |       |     3 |     2 |     5 ||    10
Evoke: Wand              |       |       |     5 |    22 |       |    18 |    19 |     3 |     5 ||    72
       Condenser vane    |       |       |       |       |       |       |     1 |     1 |     2 ||     4
  Use: Potion            |       |     4 |     3 |     4 |     1 |     7 |     9 |     6 |    41 ||    75
       Scroll            |       |     1 |     9 |     9 |     5 |     9 |     8 |    14 |    20 ||    75
 Stab: Sleeping          |     2 |     7 |     6 |     3 |     5 |     4 |     5 |     9 |     8 ||    49
       Distracted        |       |       |       |     4 |     4 |       |       |     2 |     6 ||    16
       Petrified         |       |       |       |       |     1 |       |       |       |       ||     1
       Confused          |       |       |       |       |       |       |     1 |       |     4 ||     5
       Invisible         |       |       |       |       |       |       |       |       |     1 ||     1
Armor: Leather armour    |    23 |    48 |   146 |    65 |       |       |       |       |       ||   282
       Troll leather arm |       |       |       |    87 |   207 |   293 |   188 |   718 |   692 ||  2185
       Skin              |       |       |       |       |       |       |    19 |    12 |    49 ||    80
Dodge: Dodged            |    45 |    86 |   294 |   371 |   377 |   397 |   304 |   730 |   670 ||  3274
Block: Kite shield       |       |       |       |       |    11 |   411 |   355 |  1636 |  1672 ||  4085
       Reflection        |       |       |       |       |       |    26 |    50 |    59 |    43 ||   178

Table legend: (Time is in decaauts)
 A = Elapsed time spent in this place.
 B = Non-inter-level travel time spent in this place.
 C = Inter-level travel time spent in this place.
 D = Time resting spent in this place.
 E = Time spent auto-exploring this place.
 F = Levels seen in this place.
 G = Mean time per level.
                   A        B        C        D        E       F      G
               +--------+--------+--------+--------+--------+-----+--------+
         Total | 112232 | 102464 |   9768 |  33228 |  40217 |  63 | 1781.5 |
       Dungeon |  26631 |  22577 |   4054 |   4752 |  11800 |  15 | 1775.4 |
        Temple |    366 |    316 |     50 |      0 |    268 |   1 |  366.0 |
          Lair |   9636 |   8214 |   1422 |   1093 |   5524 |   5 | 1927.2 |
         Swamp |   8524 |   8261 |    263 |   3875 |   2930 |   4 | 2131.0 |
   Spider Nest |   7117 |   6828 |    289 |   3038 |   2402 |   4 | 1779.2 |
    Slime Pits |   6946 |   6564 |    382 |   3309 |   1210 |   5 | 1389.2 |
  Orcish Mines |   3479 |   2823 |    656 |    736 |   1352 |   2 | 1739.5 |
   Elven Halls |   8356 |   7746 |    610 |   2540 |   3139 |   3 | 2785.3 |
        Vaults |  16767 |  15281 |   1486 |   6277 |   5753 |   5 | 3353.4 |
         Crypt |   5091 |   4873 |    218 |    874 |   1706 |   3 | 1697.0 |
        Depths |  10259 |   9925 |    334 |   4278 |   3435 |   4 | 2564.8 |
         Abyss |   4620 |   4620 |      0 |    798 |     44 |   8 |  577.5 |
         Trove |     73 |     73 |      0 |      0 |      0 |   1 |   73.0 |
         Sewer |    804 |    804 |      0 |    160 |    260 |   1 |  804.0 |
        Wizlab |   3074 |   3074 |      0 |   1427 |    388 |   1 | 3074.0 |
      Gauntlet |    482 |    482 |      0 |     65 |      0 |   1 |  482.0 |
               +--------+--------+--------+--------+--------+-----+--------+

Top non-repeatable levels by time:
    D:14: 4041 daAuts
Vaults:4: 4002 daAuts
Vaults:1: 3922 daAuts
 Swamp:4: 3863 daAuts
Depths:2: 3689 daAuts
Vaults:2: 3328 daAuts
   Elf:2: 3082 daAuts
  WizLab: 3074 daAuts
   Elf:1: 2985 daAuts
Depths:1: 2953 daAuts
Vaults:3: 2909 daAuts
   Orc:2: 2689 daAuts
 Abyss:3: 2630 daAuts
     D:6: 2626 daAuts
Vaults:5: 2605 daAuts
